 Dungeon Crawl Stone Soup version 0.21.1-1-g345015f (webtiles) character file.

89 diana the Slasher (level 4, -6/33 HPs)
             Began as a Demonspawn Gladiator on May 30, 2018.
             Splashed by a jelly's acid (9 damage)
             ... on level 2 of the Dungeon.
             The game lasted 00:04:00 (1159 turns).

diana the Slasher (Demonspawn Gladiator)            Turns: 1159, Time: 00:04:01

Health: -6/33      AC:  1    Str: 15    XL:     4   Next: 31%
Magic:  4/4        EV: 12    Int:  9    God:
Gold:   87         SH:  0    Dex: 15    Spells: 3/3 levels left

rFire    . . .     SeeInvis .   a - +0 long sword
rCold    . . .     Gourm    .   (no shield)
rNeg     . . .     Faith    .   b - +0 leather armour
rPois    .         Spirit   .   (helmet restricted)
rElec    .         Reflect  .   (no cloak)
rCorr    .         Harm     .   (no gloves)
MR       .....                  (no boots)
Stlth    +.........             (no amulet)
HPRegen  0.11/turn              (no ring)
MPRegen  0.09/turn              (no ring)

@: corroded, sanguine armour
A: horns 1, sanguine armour 1
a: no special abilities


You were on level 2 of the Dungeon.
You were very hungry.

You visited 1 branch of the dungeon, and saw 2 of its levels.

You collected 87 gold pieces.

Inventory:

Hand Weapons
 a - a +0 long sword (weapon)
Missiles
 d - 3 throwing nets (quivered)
Armour
 b - a +0 leather armour (worn)
 c - a +0 helmet
Scrolls
 i - 2 scrolls of noise {unknown}
 k - 3 scrolls of remove curse {unknown}
 m - a scroll of identify {unknown}
 n - a scroll of enchant weapon {unknown}
Potions
 e - a potion of flight {unknown}
 g - a potion of heal wounds {unknown}
 h - a potion of curing {unknown}
 j - 2 potions of mutation {unknown}
 l - a potion of brilliance {unknown}
Comestibles
 f - 6 rations


   Skills:
 - Level 2.0 Fighting
 + Level 4.7 Long Blades
 - Level 1.7 Throwing
 - Level 2.6 Dodging


You had 3 spell levels left.
You didn't know any spells.

Dungeon Overview and Level Annotations

Branches:
Dungeon (2/15)

Altars:


Innate Abilities, Weirdness & Mutations

You have a pair of small horns on your head.
When seriously injured, your bleeding wounds create armour. (AC +6)


Message History

The jelly is moderately wounded.
The jelly hits you.
You are splashed with acid!
The acid burns!
* * * LOW HITPOINT WARNING * * *
You are too injured to fight recklessly!
A jelly is nearby!
You are too injured to fight recklessly!
You are too injured to fight recklessly!
You are too injured to fight recklessly!
You are too injured to fight recklessly!
You are too injured to fight recklessly!
You are too injured to fight recklessly!
You are feeling very hungry.
You slash the jelly! The acid corrodes you!
Your hands burn!
* * * LOW HITPOINT WARNING * * *
You headbutt the jelly.
The jelly is almost dead.
The jelly hits you.
* * * LOW HITPOINT WARNING * * *
You are splashed with acid!
The acid burns!
You die...

....#..# #........###
....#..# ########.# ....#).#
### #.# .....##########.##
#.# .....####....#.#.# #.#
...((.##.....#.#.# #.#
......(.)....#'#.# #.#
###...'(.......#.# #.#
###...'.)......#@# #.#
......##)......#J# #.#
####..###......##. #.#
##.########## #. #.######
#..####### ## #.......
##..†....#############.######
###)................).......
#.............####..(.....
########..........####
#........


You could see a jelly.

Vanquished Creatures
  Jessica (D:2)
  A dart slug (D:1)
  A leopard gecko (D:2)
  7 bats
  2 giant cockroaches (D:1)
  7 goblins
  8 hobgoblins
  2 quokkas (D:2)
  A ball python (D:1)
  A frilled lizard (D:1)
  24 kobolds
  2 rats
57 creatures vanquished.

Vanquished Creatures (others)
  13 toadstools (D:2)
13 creatures vanquished.

Grand Total: 70 creatures vanquished

Notes
Turn   | Place    | Note
-------+----------+-------------------------------------------
     0 | D:1      | diana the Demonspawn Gladiator began the quest for the Orb.
     0 | D:1      | Reached XP level 1. HP: 16/16 MP: 1/1
    57 | D:1      | Reached skill level 3 in Long Blades
   203 | D:1      | Gained mutation: You have a pair of small horns on your head. [demonic ancestry]
   203 | D:1      | Reached XP level 2. HP: 22/22 MP: 2/2
   563 | D:1      | Gained mutation: When seriously injured, your bleeding wounds create armour. (AC +6) [demonic ancestry]
   563 | D:1      | Reached XP level 3. HP: 27/27 MP: 3/3
   765 | D:2      | Noticed Jessica
   774 | D:2      | Killed Jessica
   774 | D:2      | Reached skill level 4 in Long Blades
   892 | D:2      | Reached XP level 4. HP: 21/33 MP: 4/4
  1159 | D:2      | Splashed by a jelly's acid

Skill      XL: |  1  2  3 |
---------------+----------+-----
Long Blades    | 3 4 |  4.7
Fighting       | |  2.0
Throwing       | |  1.7
Dodging        | |  2.6

Action                   |  1- 3 |  4- 6 || total
-------------------------+-------+-------++-------
Melee: Long sword        |    70 |    32 ||   102
       Headbutt          |    12 |    10 ||    22
 Stab: Sleeping          |     2 |       ||     2
Armor: Leather armour    |    29 |    12 ||    41
Dodge: Dodged            |    60 |    24 ||    84
       Rpst.: Long sword |    18 |     5 ||    23
